 Dungeon Crawl Stone Soup version 0.27-a0-1158-gaa87e14f67 (webtiles) character file.

Game seed: 481989111267587712

32 jasper the Skirmisher (level 3, -3/33 HPs)
             Began as a Demonspawn Wanderer on May 15, 2021.
             Killed from afar by a white imp (10 damage)
             ... with a puff of frost
             ... on level 2 of the Dungeon.
             The game lasted 00:02:23 (1301 turns).

jasper the Skirmisher (Demonspawn Wanderer)         Turns: 1301, Time: 00:02:24

Health: -3/33      AC:  2    Str: 11    XL:     3   Next: 8%
Magic:  3/3        EV: 11    Int: 13    God:
Gold:   67         SH:  0    Dex: 14    Spells: 2/2 levels left

rFire    . . .     SeeInvis .   a - +2 falchion
rCold    . . .     Faith    .   f - +0 buckler
rNeg     . . .     Spirit   .   d - +0 robe
rPois    .         Reflect  .   (no helmet)
rElec    .         Harm     .   (no cloak)
rCorr    .         Rampage  .   (no gloves)
Will     .....                  (no boots)
Stlth    +.........             (no amulet)
HPRegen  0.11/turn              (no ring)
MPRegen  0.08/turn              (no ring)

@: confused, brilliant, ambrosia-drunk
A: ignite blood 1
a: no special abilities


You were on level 2 of the Dungeon.
You visited 1 branch of the dungeon, and saw 2 of its levels.

You collected 67 gold pieces.

Inventory:

Hand Weapons
 a - a +2 falchion (weapon)
 b - a +0 spear
 c - a +0 quarterstaff
 h - a +0 dagger of draining
Armour
 d - a +0 robe (worn)
 f - a +0 buckler (worn)
Potions
 g - a potion of ambrosia


   Skills:
 + Level 5.1 Fighting
 * Level 1.0(1.2) Short Blades
 - Level 1.0(1.2) Long Blades
 - Level 1.4 Staves
 + Level 0.7 Armour
 + Level 0.7 Dodging
 - Level 1.0 Stealth
 + Level 1.1 Shields
 - Level 1.0 Evocations


You had 2 spell levels left.
You didn't know any spells.
Your spell library was empty.

Dungeon Overview and Level Annotations

Branches:
Dungeon (2/15)

Altars:

Shops:
D:1 *


Innate Abilities, Weirdness & Mutations

Your demonic aura sometimes causes spilled blood to erupt in flames.


Message History

Found a stone staircase leading down.
The white imp gestures at you. The puff of frost hits you!
You take 9 damage, and have 24/33 hp.
MASSIVE DAMAGE!!
The white imp gestures at you. The puff of frost misses you.
It was a potion of brilliance.
You feel clever all of a sudden. The white imp gestures at you.
The puff of frost hits you!
A frilled lizard comes into view.
You take 7 damage, and have 17/33 hp.
MASSIVE DAMAGE!!
Throw: throwing net
Press: ? - help, Q - select action Shift-Dir - straight line, f - white imp
Aim: a white imp (60% to hit)
You throw a throwing net.
The throwing net closely misses the white imp.
The frilled lizard hisses angrily.
The white imp gestures at you. The puff of frost misses you.
The white imp gestures at you. The puff of frost misses you.
a - a +2 falchion (weapon)
You hit the white imp but do no damage. The white imp gestures at you.
The puff of frost hits you!
* * * LOW HITPOINT WARNING * * *
The white imp closely misses you.
You riposte.
You barely miss the white imp.
You take 9 damage, and have 8/33 hp.
MASSIVE DAMAGE!!
You barely miss the white imp. The white imp hits you.
* * * LOW HITPOINT WARNING * * *
The white imp freezes you.
* * * LOW HITPOINT WARNING * * *
You take 5 damage, and have 3/33 hp.
Okay, then.
You are confused.
You feel invigorated. The white imp gestures at you.
The puff of frost hits you!
You die...

#####.. ..>.. #...#
#...### +..... #...###
. ##+##.....## ..
#....@..#..#### #..#
#....l5...##....##...#
#.#.#(....#####....#
....###### #.....# #
#.# #.###..# ...
####.####.#. #.#
#........... ..
#.........#..
#.........# .


You could see a white imp and a frilled lizard.

Vanquished Creatures
  2 dart slugs (D:1)
  3 endoplasms (D:1)
  4 goblins (D:1)
  A quokka (D:1)
  4 ball pythons (D:1)
  5 bats (D:1)
  A frilled lizard (D:1)
  4 kobolds (D:1)
  5 rats (D:1)
29 creatures vanquished.

Notes
Turn   | Place    | Note
-------+----------+-------------------------------------------
     0 | D:1      | jasper the Demonspawn Wanderer began the quest for the Orb.
     0 | D:1      | jasper set off with the following items: a +2 falchion, a
                  | +0 spear, a +0 quarterstaff, a +0 robe
     0 | D:1      | Reached XP level 1. HP: 21/21 MP: 1/1
    60 | D:1      | Found Mitaev's General Store.
   261 | D:1      | Gained mutation: Your demonic aura sometimes causes spilled
                  | blood to erupt in flames. [demonic ancestry]
   261 | D:1      | Reached XP level 2. HP: 22/27 MP: 2/2
   885 | D:1      | Reached XP level 3. HP: 25/33 MP: 3/3
   983 | D:1      | Reached skill level 1 in Short Blades
  1301 | D:2      | Killed from afar by a white imp

Illustrated notes

Levels and vault maps discovered:
D:1:      nzn_arrival_settlement, layout_basic, serial_shops, shop
D:2:      layout_rooms, hex_tiny, minmay_misc_feat_hallway, minmay_liquid_box,
          st_stairs_9, minmay_misc_feat_cross, minmay_worlds_worst_comb,
          uniq_terence

Skill      XL: |  1  2  3 |
---------------+----------+-----
Short Blades   | 1 |  1.0
Fighting       | |  5.1
Long Blades    | |  1.0
Staves         | |  1.4
Armour         | |  0.7
Dodging        | |  0.7
Stealth        | |  1.0
Shields        | |  1.1
Evocations     | |  1.0

Action                   || total
-------------------------++-------
Melee: Quarterstaff      ||    24
       Falchion          ||     8
       Dagger            ||    37
Throw: Throwing net      ||     1
  Use: Potion            ||     2
       Scroll            ||     1
 Stab: Sleeping          ||     3
Armor: Robe              ||     9
Dodge: Dodged            ||    48
Block: Buckler           ||     3
       Rpst.: Falchion   ||     3

Table legend: (Time is in decaauts)
 A = Elapsed time spent in this place.
 B = Non-inter-level travel time spent in this place.
 C = Inter-level travel time spent in this place.
 D = Time resting spent in this place.
 E = Time spent auto-exploring this place.
 F = Levels seen in this place.
 G = Mean time per level.
                   A        B        C        D        E       F      G
               +--------+--------+--------+--------+--------+-----+--------+
         Total |   1309 |   1294 |     15 |    183 |    844 |   2 |  654.5 |
       Dungeon |   1309 |   1294 |     15 |    183 |    844 |   2 |  654.5 |
               +--------+--------+--------+--------+--------+-----+--------+

Top non-repeatable levels by time:
     D:1: 1279 daAuts
     D:2: 30 daAuts
